 Dungeon Crawl Stone Soup version 0.19.0-2-gae57169 (webtiles) character file.

187657 Haldmier the Tortoise (level 18, -4/160 HPs)
             Began as a Hill Orc Fighter on Nov 6, 2016.
             Was the Champion of Ashenzari.
             Succumbed to a swamp dragon's poison gas
             ... on level 4 of the Lair of Beasts.
             The game lasted 04:57:42 (44801 turns).

Haldmier the Tortoise (Hill Orc Fighter)           Turns: 44801, Time: 04:57:48

Health: -4/160     AC: 34    Str: 20 (21) XL:     18   Next: 7%
Magic:  28/28      EV: 11    Int: 14 (16) God:    Ashenzari [******]
Gold:   713        SH: 13    Dex: 13 (14) Spells: 6 memorised, 10 levels left

rFire  + . .     SeeInvis +     B - +1 war axe (freeze)
rCold  . . .     Gourm    .     D - +2 plate armour {MR+}
rNeg   . . .     Faith    .     g - +0 shield {rF+}
rPois  .         Spirit   .     y - +1 helmet "Duneron" {rElec rC- Int+6 Slay+6} (curse)
rElec  +         Reflect  .     u - +0 cloak (curse)
rCorr  .         Harm     .     s - +1 pair of gloves
MR     +++..     Clarity  +     c - +4 pair of boots "Bice" {MR+} (curse)
Stlth  ..........               (no amulet)
                                Y - ring of protection from cold (curse)
                                I - ring of wizardry (curse)

@: lethally poisoned (-4 -> -108)
A: talons 1
a: Curse Item, Scrying, Transfer Knowledge, Renounce Religion
}: 1/15 runes: gossamer


You were on level 4 of the Lair of Beasts.
You worshipped Ashenzari.
Ashenzari was exalted by your worship.
You were not hungry.

You visited 6 branches of the dungeon, and saw 29 of its levels.
You visited 1 bazaar.
You also visited: Ossuary and Volcano.

You collected 2361 gold pieces.
You spent 1648 gold pieces at shops.

Inventory:

Hand Weapons
 B - a +1 war axe of freezing (weapon)
 V - a +0 trident of venom
 X - a +3 scimitar of flaming
Missiles
 N - 32 tomahawks (quivered)
 S - 3 throwing nets
Armour
 c - the cursed +4 pair of boots "Bice" (worn) {MR+}
   (You found it on level 11 of the Dungeon)

   It affects your resistance to hostile enchantments.
   It has a curse placed upon it.
 g - a +0 shield of fire resistance (worn)
 s - a +1 pair of gloves (worn)
 u - a cursed +0 cloak (worn)
 y - the cursed +1 helmet "Duneron" (worn) {rElec rC- Int+6 Slay+6}
   (You took it off Robin on level 3 of the Dungeon)

   It affects your intelligence (+6).
   It affects your accuracy and damage with ranged weapons and melee attacks
   (+6).
   It makes you vulnerable to cold.
   It insulates you from electricity.
   It has a curse placed upon it.
 D - a +2 plate armour of magic resistance (worn)
Jewellery
 I - a cursed ring of wizardry (left hand)
 Y - a cursed ring of protection from cold (right hand)
Wands
 P - a wand of iceblast (7/15)
Scrolls
 a - 3 scrolls of identify
 b - a scroll of teleportation
 d - 2 scrolls of blinking
 j - 6 scrolls of magic mapping
 m - a scroll of enchant weapon
 n - a scroll of recharging
 q - 10 scrolls of remove curse
 r - 6 scrolls of fear
 U - 5 scrolls of fog
Potions
 e - 7 potions of brilliance
 h - 3 potions of invisibility
 i - 5 potions of haste
 k - 3 potions of flight
 o - 5 potions of agility
 t - 2 potions of heal wounds
 F - 2 potions of curing
 G - 3 potions of berserk rage
 H - 4 potions of ambrosia
 L - a potion of resistance
Comestibles
 f - 14 bread rations
 l - 3 fruits
 x - 12 meat rations
 z - 5 beef jerkies
 E - a chunk of flesh


   Skills:
 - Level 14.0 Fighting
 + Level 12.6 Axes
 - Level 15.0(19.0) Armour
 - Level 10.3 Dodging
 - Level 12.0 Shields
 + Level 7.0 Spellcasting
 + Level 10.3(13.1) Conjurations
 - Level 5.0(7.9) Translocations
 * Level 13.8(16.4) Fire Magic


You had 10 spell levels left.
You knew the following spells:

 Your Spells              Type           Power        Failure   Level  Hunger
a - Magic Dart            Conj           ####         1%          1    None
b - Blink                 Tloc           N/A          4%          2    #......
c - Conjure Flame         Conj/Fire      #####...     1%          3    ##.....
d - Sticky Flame          Conj/Fire      #####...     1%          4    ####...
e - Fireball              Conj/Fire      #####.....   4%          5    ######.
f - Bolt of Fire          Conj/Fire      #####.....   32%         6    #######


Dungeon Overview and Level Annotations

Branches:
Dungeon (15/15)            Temple (1/1) D:4            Lair (6/6) D:10
  Swamp (1/4) Lair:4       Spider (4/4) Lair:2        Slime (0/5) Lair:6
    Orc (2/2) D:10            Elf (0/3) Orc:2        Vaults (0/5) D:14
 Depths (0/5) D:15

Altars:
Ashenzari
Cheibriados
Dithmenos
Elyvilon
Fedhas
Gozag
Hepliaklqana
Kikubaaqudgha
Makhleb
Nemelex Xobeh
Okawaru
Qazlal
Ru
Sif Muna
Trog
Uskayaw
Vehumet
Xom
Yredelemnul
Zin
The Shining One
Beogh
Jiyva

Shops:
D:7 ?   D:14 [   D:15 [=   Orc:1 *   Orc:2 }!:(

Portals:
Trove: D:14 (give 16 scrolls of teleportation)

Annotations:
D:10 Snorg
Lair:5 exclusion: oklob plant
Lair:6 1 runed door + A few places hidden
Spider:2 Water area not searched
Spider:3 Roxanne blocking parts, exclusion: Roxanne, Roxanne


Innate Abilities, Weirdness & Mutations

You have sharp toenails.


Message History

The swamp dragon breathes poison at you.
The blast of poison engulfs you!
You are more poisoned.
* * * LOW HITPOINT WARNING * * *
The spiny frog stings you.
* * * LOW HITPOINT WARNING * * *
You hear an angry buzzing noise.
You hear an angry squeal.
There is a staircase back to the Lair here.
You feel much better.
You are engulfed in poison gas.
You are more poisoned.
* * * LOW HITPOINT WARNING * * *
x2 You feel extremely sick.
The spiny frog barely misses you.
You are engulfed in poison gas.
You are more poisoned.
* * * LOW HITPOINT WARNING * * *
x2 You feel extremely sick.
You block the spiny frog's attack.
You climb upwards.
Welcome back to the Lair of Beasts!
You die...

..................####...........
...................##.[.###..####
#...................##..##.###
.#..................P##...##
P#..................##....######
.#.###.......>.........#..##.#†##
.#.##.#..#.#.#...............>...
..#.#..#..####.F.................
...............§@................
.).P.#####P.#..§................#
.#.### #######..#P##..........P
#### ########.##P....P. .#
#####...... ## ##........
#.#......# # #####..P....# #
##......P.....


You could see a spiny frog.

Vanquished Creatures
  Arachne (Spider:3)
  4 ghost moths
  6 emperor scorpions
  Nessos (Lair:6)
  Azrael (D:13)
  The ghost of HungrySpirit the Severer, a journeyman MiBe of Trog (Orc:2)
  3 spark wasps (Spider:3)
  2 fire dragons
  Harold (Lair:4)
  4 vault guards (D:14)
  5 hydras
  An ice dragon (D:15)
  A catoblepas (D:13)
  3 centaur warriors
  An ogre mage (D:15)
  A death knight (D:12)
  4 death yaks
  4 tengu warriors
  The ghost of UnlimitedFusion the Cleaver, a novice DsGl of Okawaru (D:8)
  A fire crab (Lair:6)
  4 unseen horrors
  2 skeletal warriors (D:11)
  11 hill giants
  A phantasmal warrior (D:11)
  A wizard (D:15)
  A wolf spider zombie (D:14)
  11 orc knights
  3 deep elf magi
  8 ugly things
  4 cyclopes
  29 wolf spiders
  A manticore (D:15)
  A salamander (Volcano)
  17 orb spiders
  2 orc sorcerers
  3 moths of wrath
  13 elephants
  8 black mambas
  2 centaur zombies
  Psyche (D:8)
  12 spiny frogs
  3 molten gargoyles (Lair:6)
  4 torpor snails
  4 gargoyles
  13 komodo dragons
  2 rime drakes
  A freezing wraith (D:15)
  2 efreet (D:14)
  20 demonic crawlers
  2 tengu conjurers (D:14)
  6 trolls
  8 two-headed ogres
  9 hornets
  4 tyrant leeches
  37 jumping spiders
  3 polar bears
  A merfolk (D:9)
  13 blink frogs
  A meliai zombie (D:13)
  8 slime creatures
  10 hippogriffs
  Sigmund (D:2)
  A water elemental (D:14)
  4 shadows
  A wraith (D:11)
  A vampire (D:15)
  66 redbacks
  12 wyverns
  39 tarantellas
  4 fire bats (Volcano)
  52 yaks
  3 fire elementals (D:13)
  6 basilisks
  A hungry ghost (D:13)
  4 steam dragons
  Menkaure (D:7)
  9 wargs
  A mottled dragon (Volcano)
  6 insubstantial wisps (Lair:4)
  11 water moccasins
  8 porcupines
  6 hell hounds
  3 phantoms
  39 orc warriors
  3 sky beasts
  2 black bears
  5 ice beasts
  An eye of draining (D:8)
  18 ogres
  18 wolves
  7 centaurs
  A wolf (shapeshifter) (D:14)
  A tengu (shapeshifter) (D:14)
  11 crocodiles
  2 big kobolds (D:13)
  Blork the orc (D:5)
  4 earth elementals
  25 bullfrogs
  A gnoll sergeant (D:7)
  A water moccasin zombie (Ossuary)
  5 scorpions
  A water moccasin skeleton (D:6)
  10 killer bees
  15 wights
  7 howler monkeys
  9 electric eels
  5 lava snakes (Lair:6)
  8 crimson imps
  13 jellies
  2 quasits
  A bullfrog zombie (D:13)
  7 hounds
  14 orc priests
  5 bullfrog skeletons
  21 orc wizards
  14 worker ants
  Jessica (D:2)
  4 centaur skeletons
  7 iguanas
  Natasha (thrice) (D:3)
  A big kobold zombie (Ossuary)
  A hound zombie (D:7)
  A hound skeleton (D:11)
  2 mummies (Ossuary)
  3 worker ant zombies
  Robin (D:3)
  2 howler monkey skeletons
  5 gnolls (D:7)
  15 adders
  A shadow imp (D:7)
  10 oozes (D:9)
  5 adder zombies (Ossuary)
  An adder skeleton (D:8)
  2 worms (D:2)
  2 dart slugs
  5 leopard geckos
  88 orcs
  2 ball pythons
  6 bats
  3 giant cockroaches
  14 goblins
  12 hobgoblins
  6 jackals
  16 kobolds
  6 quokkas
  7 frilled lizards
  A gnoll zombie (Ossuary)
  7 hobgoblin zombies (Ossuary)
  2 jackal skeletons
  7 kobold zombies (Ossuary)
  A leopard gecko zombie (D:5)
  5 orc zombies (Ossuary)
  A quokka zombie (D:5)
  7 rats
  5 fungi
  3 plants (Lair:6)
1120 creatures vanquished.

Vanquished Creatures (others)
  An orb spider (Spider:4)
  A spiny frog (shapeshifter) (D:15)
  A demonic crawler (Spider:4)
  2 hornets
  A hippogriff (D:15)
  A tarantella (Spider:4)
  A wyvern (Volcano)
  A bullfrog (D:15)
  An orc wizard (Orc:1)
  11 fungi
  31 plants
52 creatures vanquished.

Grand Total: 1172 creatures vanquished

Notes
Turn   | Place    | Note
-------+----------+-------------------------------------------
     0 | D:1      | Haldmier the Hill Orc Fighter began the quest for the Orb.
     0 | D:1      | Reached XP level 1. HP: 19/19 MP: 1/1
   317 | D:1      | Found a sparkling altar of Nemelex Xobeh.
   344 | D:1      | Reached XP level 2. HP: 26/26 MP: 2/2
  1070 | D:2      | Reached XP level 3. HP: 13/31 MP: 3/3
  1248 | D:2      | Noticed Sigmund
  1365 | D:2      | Reached skill level 5 in Axes
  1616 | D:2      | Found an opulent altar of Gozag.
  1619 | D:2      | Found a glowing silver altar of Zin.
  1668 | D:2      | Killed Sigmund
  1668 | D:2      | Reached XP level 4. HP: 6/39 MP: 4/4
  1668 | D:2      | Reached XP level 5. HP: 7/45 MP: 5/5
  2021 | D:2      | Noticed Jessica
  2033 | D:2      | Killed Jessica
  2033 | D:2      | Reached XP level 6. HP: 36/51 MP: 6/6
  2356 | D:3      | Noticed Natasha
  2359 | D:3      | Killed Natasha
  2385 | D:3      | Noticed Natasha
  2389 | D:3      | Killed Natasha
  2441 | D:3      | Noticed Natasha
  2449 | D:3      | Killed Natasha
  2501 | D:3      | Found a shattered altar of Ashenzari.
  2515 | D:3      | Noticed Robin
  2522 | D:3      | Killed Robin
  2536 | D:3      | Got a bloodstained helmet
  2542 | D:3      | Identified the +1 helmet "Duneron" {rElec rC- Int+6 Slay+6} (You took it off Robin on level 3 of the Dungeon)
  2557 | D:3      | Became a worshipper of Ashenzari the Shackled
  2966 | D:3      | Learned a level 2 spell: Blink
  3221 | D:4      | Reached skill level 1 in Translocations
  3221 | D:4      | Reached XP level 7. HP: 54/57 MP: 6/8
  3289 | D:4      | Found a staircase to the Ecumenical Temple.
  3301 | Temple   | Entered the Ecumenical Temple
  3479 | D:4      | Reached skill level 1 in Spellcasting
  3503 | D:4      | Reached * piety under Ashenzari
  3733 | D:5      | Entered Level 5 of the Dungeon
  3739 | D:5      | Found a deep blue altar of Sif Muna.
  3777 | D:5      | Found a sand-covered staircase.
  3779 | D:5      | Noticed Blork the orc
  3786 | Ossuary  | Entered an ossuary
  4197 | D:5      | Reached skill level 10 in Axes
  4198 | D:5      | Reached XP level 8. HP: 64/64 MP: 11/11
  4199 | D:5      | Killed Blork the orc
  4242 | D:5      | Found a stormy altar of Qazlal.
  5106 | D:6      | Learned a level 1 spell: Magic Dart
  5113 | D:6      | Reached XP level 9. HP: 69/70 MP: 12/14
  5221 | D:6      | Reached skill level 1 in Conjurations
  5404 | D:6      | Found a deep blue altar of Sif Muna.
  5641 | D:6      | Reached ** piety under Ashenzari
  5991 | D:7      | Found a sacrificial altar of Ru.
  6075 | D:7      | Reached skill level 5 in Translocations
  6089 | D:7      | Noticed a hill giant
  6097 | D:7      | Killed a hill giant
  6198 | D:7      | Reached skill level 5 in Shields
  6305 | D:7      | Reached XP level 10. HP: 37/79 MP: 15/15
  6655 | D:7      | Found Zuvar's Magic Scroll Emporium.
  6664 | D:7      | Noticed a red ugly thing
  6681 | D:7      | Reached skill level 5 in Fighting
  7063 | D:7      | Reached skill level 5 in Conjurations
  7164 | D:7      | Killed a red ugly thing
  7165 | D:7      | Noticed Menkaure
  7176 | D:7      | Killed Menkaure
  7527 | D:7      | Bought a scroll of teleportation for 36 gold pieces
  7527 | D:7      | Bought a scroll of fear for 42 gold pieces
  7535 | D:7      | Bought a scroll of magic mapping for 42 gold pieces
  7767 | D:7      | Bought a scroll of remove curse for 36 gold pieces
  7767 | D:7      | Bought a scroll of identify for 24 gold pieces
  7767 | D:7      | Bought a scroll of identify for 24 gold pieces
  7821 | D:8      | Noticed Psyche
  7829 | D:8      | Killed Psyche
  7889 | D:8      | Found a hide-covered altar of Uskayaw.
  8016 | D:8      | Noticed UnlimitedFusion's ghost (novice DsGl)
  8050 | D:8      | Killed UnlimitedFusion's ghost
  8455 | D:8      | Found a burning altar of Makhleb.
  8455 | D:8      | Noticed a balrug
  8459 | D:8      | Noticed a smoke demon
  8459 | D:8      | Noticed an orange demon
  8607 | D:8      | Reached XP level 11. HP: 76/92 MP: 16/16
  9324 | D:9      | Learned a level 3 spell: Conjure Flame
  9355 | D:9      | Reached *** piety under Ashenzari
  9547 | D:9      | Reached skill level 1 in Fire Magic
 10307 | D:10     | Entered Level 10 of the Dungeon
 10458 | D:10     | Found a staircase to the Orcish Mines.
 10671 | D:10     | Found a staircase to the Lair.
 10978 | D:10     | Noticed a hill giant
 11008 | D:10     | Killed a hill giant
 11092 | D:10     | Noticed a hill giant
 11103 | D:10     | Killed a hill giant
 11103 | D:10     | Reached skill level 5 in Fire Magic
 11369 | Lair:1   | Entered Level 1 of the Lair of Beasts
 11408 | Lair:1   | Found a dark tunnel.
 11434 | Volcano  | Entered a volcano
 11498 | Volcano  | Reached skill level 10 in Shields
 11498 | Volcano  | Reached XP level 12. HP: 104/106 MP: 17/17
 11535 | Volcano  | Reached skill level 10 in Fighting
 12065 | Lair:1   | Reached **** piety under Ashenzari
 13132 | Lair:2   | Reached skill level 4 in Armour
 13263 | Lair:2   | Reached skill level 5 in Armour
 13353 | Lair:2   | Found a hole to the Spider Nest.
 13359 | Lair:2   | Reached ***** piety under Ashenzari
 13596 | Lair:3   | Reached skill level 6 in Armour
 13780 | Lair:3   | Reached skill level 7 in Armour
 13812 | Lair:3   | Reached XP level 13. HP: 114/116 MP: 18/18
 14206 | Lair:4   | Noticed Harold
 14222 | Lair:4   | Killed Harold
 14222 | Lair:4   | Reached skill level 8 in Armour
 14257 | Lair:4   | Reached skill level 9 in Armour
 14258 | Lair:4   | Found a staircase to the Swamp.
 15249 | Lair:4   | Reached skill level 10 in Armour
 15805 | Lair:5   | Reached skill level 11 in Armour
 16449 | Lair:5   | Reached skill level 12 in Armour
 16835 | Lair:6   | Entered Level 6 of the Lair of Beasts
 17314 | Lair:6   | Noticed Nessos
 17333 | Lair:6   | Killed Nessos
 17549 | Lair:6   | Reached skill level 13 in Armour
 17562 | Lair:6   | Reached XP level 14. HP: 119/124 MP: 16/19
 19080 | Lair:6   | Found a runed door.
 19089 | Lair:6   | Found a viscous altar of Jiyva.
 19090 | Lair:6   | Found a staircase to the Slime Pits.
 19357 | Lair:6   | Found a large runed door.
 19367 | Lair:6   | Found a large runed door.
 19922 | Lair:6   | Reached skill level 1 in Dodging
 20367 | Orc:1    | Entered Level 1 of the Orcish Mines
 20487 | Orc:1    | Reached skill level 14 in Armour
 20553 | Orc:1    | Found Kiuvuaw's Assorted Antiques.
 20768 | Orc:1    | Found a roughly hewn altar of Beogh.
 20967 | Orc:2    | Entered Level 2 of the Orcish Mines
 22139 | Orc:2    | Found a roughly hewn altar of Beogh.
 22830 | Orc:2    | Found Ythaiff's Antique Weapon Boutique.
 22830 | Orc:2    | Found Taetireng's Book Shoppe.
 22866 | Orc:2    | Found a staircase to the Elven Halls.
 23254 | Orc:2    | Reached XP level 15. HP: 104/136 MP: 20/20
 23276 | Orc:2    | Noticed HungrySpirit's ghost (journeyman MiBe)
 23348 | Orc:1    | Paralysed by an orc sorcerer for 6 turns
 23921 | Orc:2    | Killed HungrySpirit's ghost
 23997 | Orc:2    | Found Cuisar's Gadget Shoppe.
 23997 | Orc:2    | Found Xavor's Distillery.
 24714 | Orc:2    | Bought a glowing war axe for 313 gold pieces
 24736 | Orc:2    | Bought an ebony glaive for 379 gold pieces
 24736 | Orc:2    | Bought a bloodstained rapier for 297 gold pieces
 24745 | Orc:2    | Bought a book of Flames for 455 gold pieces
 24882 | Lair:2   | Identified the +6 glaive of the Mushroom {chaos, rElec Int+4} (You bought it in a shop on level 2 of the Orcish Mines)
 24887 | Lair:2   | Identified the cursed +1 rapier "Dainn" {flame, rC+} (You bought it in a shop on level 2 of the Orcish Mines)
 24906 | Lair:2   | Learned a level 4 spell: Sticky Flame
 24912 | Lair:2   | Learned a level 5 spell: Fireball
 24986 | D:11     | Noticed Snorg
 25619 | D:11     | Got the uncursed pair of boots "Bice" {MR+}
 25625 | D:11     | Identified the +4 pair of boots "Bice" {MR+} (You found it on level 11 of the Dungeon)
 25961 | D:11     | Reached skill level 5 in Dodging
 26230 | D:11     | Reached ****** piety under Ashenzari
 26605 | D:11     | Reached skill level 15 in Armour
 27769 | D:13     | Noticed Azrael
 27800 | D:13     | Killed Azrael
 28446 | D:13     | Found a sacrificial altar of Ru.
 29074 | D:14     | Found a gate to the Vaults.
 29150 | D:14     | Reached XP level 16. HP: 60/146 MP: 21/23
 29233 | D:14     | Reached skill level 10 in Fire Magic
 29508 | D:14     | Found Ziukluh's Antique Armour Shop.
 29755 | D:14     | Found a portal to a secret trove of treasure.
 29918 | D:14     | Gained mutation: You have sharp toenails. [potion of beneficial mutation]
 30019 | D:15     | Entered Level 15 of the Dungeon
 30085 | D:15     | Reached skill level 5 in Spellcasting
 30114 | D:15     | Found Esif's Armour Boutique.
 30126 | D:15     | Found a flickering gateway to a bazaar.
 30136 | Bazaar   | Entered a bazaar
 30140 | Bazaar   | Found Vepixigho's Food Boutique.
 30145 | Bazaar   | Found Woozxin's Jewellery Emporium.
 30153 | Bazaar   | Found Virooni's Antique Weapon Shoppe.
 30161 | Bazaar   | Found Sumesch's Food Boutique.
 30481 | D:15     | Found Jaotuell's Jewellery Emporium.
 31336 | D:15     | Found a staircase to the Depths.
 31757 | Spider:1 | Entered Level 1 of the Spider Nest
 35484 | Spider:1 | HP: 7/146 [poisoned by a wolf spider]
 35490 | Spider:1 | HP: 4/146 [poisoned by a wolf spider]
 35496 | Spider:1 | HP: 2/146 [poisoned by a wolf spider]
 35501 | Spider:1 | HP: 2/146 [poisoned by a wolf spider]
 35508 | Spider:1 | HP: 2/146 [poisoned by a wolf spider]
 35516 | Spider:1 | HP: 3/146 [poisoned by a wolf spider]
 36703 | Spider:2 | Reached XP level 17. HP: 132/152 MP: 27/27
 36733 | Spider:3 | Noticed Roxanne
 37818 | Spider:3 | Reached skill level 10 in Conjurations
 38419 | Spider:4 | Entered Level 4 of the Spider Nest
 38419 | Spider:4 | Noticed Arachne
 40115 | Spider:3 | Killed Arachne
 41060 | Spider:4 | Reached skill level 10 in Dodging
 41083 | Spider:3 | HP: 7/152 [poisoned by a wolf spider]
 41089 | Spider:3 | HP: 4/152 [poisoned by a wolf spider]
 41095 | Spider:3 | HP: 3/152 [poisoned by a wolf spider]
 41100 | Spider:3 | HP: 2/152 [poisoned by a wolf spider]
 41107 | Spider:3 | HP: 3/152 [poisoned by a wolf spider]
 41115 | Spider:3 | HP: 4/152 [poisoned by a wolf spider]
 43164 | Spider:4 | Learned a level 6 spell: Bolt of Fire
 43820 | Spider:4 | Reached XP level 18. HP: 146/160 MP: 0/28
 44442 | Spider:4 | Got a gossamer rune of Zot
 44726 | Swamp:1  | Entered Level 1 of the Swamp
 44800 | Swamp:1  | HP: 8/160 [poisoned by a swamp dragon (poison gas)]
 44801 | Lair:4   | Succumbed to a swamp dragon's poison gas

Skill      XL: |  1  2  3  4  5  6  7  8  9 10 11 12 13 14 15 16 17 18 |
---------------+-------------------------------------------------------+-----
Axes           | 3 4 7 8 9 10 11 12 | 12.6
Translocations | 1 2 4 5 |  5.0
Spellcasting   | 2 3 4 6 7 |  7.0
Conjurations   | 4 6 7 9 10 | 10.3
Shields        | 5 7 10 11 12 | 12.0
Fighting       | 4 7 9 11 13 14 | 14.0
Fire Magic     | 5 7 9 11 13 | 13.8
Armour         | 7 13 14 15 | 15.0
Dodging        | 4 7 8 10 | 10.3

Action                   |  1- 3 |  4- 6 |  7- 9 | 10-12 | 13-15 | 16-18 || total
-------------------------+-------+-------+-------+-------+-------+-------++-------
Melee: War axe           |   107 |    84 |       |       |    22 |   331 ||   544
       Hand axe          |       |    43 |   295 |   809 |  1981 |  1296 ||  4424
       Great mace        |       |       |       |       |     4 |       ||     4
       Scimitar          |       |       |       |       |     1 |     4 ||     5
 Cast: Magic Dart        |       |       |     2 |    62 |    69 |    27 ||   160
       Conjure Flame     |       |       |       |    21 |    44 |    19 ||    84
       Blink             |       |       |       |     1 |     1 |     6 ||     8
       Sticky Flame      |       |       |       |       |     3 |    62 ||    65
       Fireball          |       |       |       |       |       |     3 ||     3
Invok: Curse Item        |       |     2 |       |     2 |     1 |       ||     5
Evoke: Wand              |       |       |       |       |     2 |       ||     2
  Use: Scroll            |       |     8 |     4 |     7 |     6 |     7 ||    32
       Potion            |       |       |     1 |     3 |     6 |     6 ||    16
 Stab: Distracted        |       |       |       |       |       |     2 ||     2
       Held in net/web   |       |       |       |       |       |     1 ||     1
  Eat: Chunk             |     3 |     5 |     8 |    27 |    54 |    42 ||   139
       Fruit             |       |       |     2 |       |       |    12 ||    14
       Royal jelly       |       |       |       |       |     1 |     1 ||     2
       Pizza             |       |       |       |       |     1 |       ||     1
       Bread ration      |       |       |       |       |       |     2 ||     2
Armor: Scale mail        |    32 |    43 |     3 |       |       |       ||    78
       Ring mail         |       |       |    65 |   133 |       |       ||   198
       Plate armour      |       |       |       |    33 |   651 |  1163 ||  1847
Dodge: Dodged            |    31 |    32 |    39 |   152 |   309 |   753 ||  1316
Block: Shield            |    48 |    57 |    81 |   390 |   826 |  1199 ||  2601
